 Dungeon Crawl Stone Soup version 0.25-a0-292-gaa31f046c4 (webtiles) character file.

Game seed: 17417871082450352571, levelgen mode: deterministic

46 MoonlitKnight the Poker (level 3, 0/28 HPs)
             Began as a Merfolk Skald on Dec 15, 2019.
             Slain by a phantom (5 damage)
             ... on level 2 of the Dungeon.
             The game lasted 00:03:12 (1190 turns).

MoonlitKnight the Poker (Merfolk Skald)             Turns: 1190, Time: 00:03:12

Health: 0/28       AC:  5    Str: 12    XL:     3   Next: 68%
Magic:  3/6        EV: 11    Int: 12    God:
Gold:   27         SH:  0    Dex: 13    Spells: 3/6 levels left

rFire    . . .     SeeInvis .   a - +0 trident
rCold    . . .     Gourm    .   (no shield)
rNeg     . . .     Faith    .   f - +0 ring mail
rPois    .         Spirit   .   (no helmet)
rElec    .         Reflect  .   (no cloak)
rCorr    .         Harm     .   (no gloves)
MR       .....                  (no boots)
Stlth    +.........             (no amulet)
HPRegen  0.09/turn              (no ring)
MPRegen  0.10/turn              (no ring)

@: no status effects
A: change form in water, swift swim, stealthy swim
a: no special abilities


You were on level 2 of the Dungeon.
You were hungry.

You visited 1 branch of the dungeon, and saw 2 of its levels.

You collected 27 gold pieces.

Inventory:

Hand Weapons
 a - a +0 trident (weapon)
 l - a +0 spear
Armour
 b - a +0 leather armour
 f - a +0 ring mail (worn)
Scrolls
 h - a scroll of enchant weapon {unknown}
 i - a scroll of fear {unknown}
 j - a scroll of blinking {unknown}
 k - a scroll of enchant armour {unknown}
 m - a scroll of magic mapping {unknown}
Potions
 e - a potion of lignification {unknown}
 g - 2 potions of flight {unknown}
Comestibles
 c - a chunk of flesh
 d - 2 rations


   Skills:
 + Level 2.8 Fighting
 * Level 4.6 Polearms
 - Level 0.6 Armour
 + Level 3.4 Dodging
 - Level 2.0 Spellcasting
 - Level 3.2 Charms


You had 3 spell levels left.
You knew the following spells:

 Your Spells              Type           Power        Failure   Level  Hunger
a - Infusion              Chrm           #...         16%         1    ##.....
b - Shroud of Golubria    Chrm/Tloc      #.....       43%         2    ###....

Your spell library contained the following spells:

 Spells                   Type           Power        Failure   Level  Hunger
 Song of Slaying          Chrm           #.......     24%         2    ###....
 Regeneration             Chrm/Necr      #.........   67%         3    ####...
 Spectral Weapon          Hex/Chrm       #.......     67%         3    ####...


Dungeon Overview and Level Annotations

Branches:
Dungeon (2/15)

Altars:


Message History

The phantom hits you.
* * * LOW HITPOINT WARNING * * *
The phantom completely misses you.
You barely miss the phantom.
The phantom is moderately damaged.
You are no longer magically infusing your attacks.
The phantom hits you but does no damage.
The phantom hits you.
* * * LOW HITPOINT WARNING * * *
You completely miss the phantom.
The phantom is moderately damaged.
The phantom blinks!
Unknown command.
You closely miss the phantom.
The phantom is moderately damaged.
The phantom barely misses you.
You hit the phantom.
The phantom is moderately damaged.
The phantom hits you.
You die...

#...... ..#...#...##(# #.....#
.(......#)÷.# #.....# #......>###
#.#### #.....# ###....### #....#
#.....# #......# ####.##.#
#.....#####......#### .......>#
#..[.........>.......$ ........##
#........÷.......##.## .........#
#...W@............# ..
.......#.###....#...............#
......[#..........##........#.##
......)......#..####..##..###.#
.......#....#..## #...##.# #
.......##......... #.... ...
.(.....##.........###.## ...
.......##.........# #. ...
#####.###.........#


You could see a phantom.

Vanquished Creatures
  An ooze (D:2)
  2 dart slugs (D:1)
  3 bats
  A giant cockroach (D:1)
  2 goblins (D:1)
  7 hobgoblins
  7 jackals
  4 kobolds
  A quokka (D:2)
  2 frilled lizards
  4 rats
34 creatures vanquished.

Notes
Turn   | Place    | Note
-------+----------+-------------------------------------------
     0 | D:1      | MoonlitKnight the Merfolk Skald began the quest for the
                  | Orb.
     0 | D:1      | Reached XP level 1. HP: 16/16 MP: 3/3
   116 | D:1      | Reached XP level 2. HP: 23/23 MP: 5/5
   164 | D:1      | HP: 1/23 [jackal (2)]
   478 | D:1      | Learned a level 2 spell: Shroud of Golubria
   614 | D:1      | Reached skill level 4 in Polearms
   714 | D:1      | Reached XP level 3. HP: 27/28 MP: 0/6
  1137 | D:2      | Noticed a phantom
  1190 | D:2      | Slain by a phantom

Levels and vault maps discovered:
D:1:      scummos_arrival_checkerplants, layout_rooms
D:2:      layout_rooms, bloody_makhleb, overflow_temple_1_default

Skill      XL: |  1  2 |
---------------+-------+-----
Dodging        | 3 |  3.4
Polearms       | 4 |  4.6
Fighting       | |  2.8
Armour         | |  0.6
Spellcasting   | |  2.0
Charms         | |  3.2

Action                   || total
-------------------------++-------
Melee: Spear             ||   128
       Trident           ||    42
 Cast: Infusion          ||     7
       Shroud of Golubri ||     3
  Eat: Chunk             ||     1
Armor: Ring mail         ||    57
Dodge: Dodged            ||    99

Table legend:
 A = Non-vault XP
 B = Vault XP
 C = Vault XP percentage of total XP
 D = Non-vault monster count
 E = Vault monster count
 F = Vault count percentage of total count
                 A         B        C        D         E       F
            +---------+---------+-------+---------+---------+-------
      Total |      67 |       0 |   0.0 |      34 |       0 |   0.0
            +---------+---------+-------+---------+---------+-------
        D:1 |      42 |       0 |   0.0 |      22 |       0 |   0.0
        D:2 |      25 |       0 |   0.0 |      12 |       0 |   0.0
            +---------+---------+-------+---------+---------+-------
